Map: Berlingrad LE

Players

Vriel

  • Race: Zerg Zerg
  • League: Diamond
  • Spawn Location: 5:00

KriXuS - Winner!

  • Race: Terran Terran
  • League: Master
  • Spawn Location: 11:00

VOD

Have the link to the VOD?

Description

Time

  • Played on: June 16, 2022, 11:54 p.m.
  • Length: 14:29
Show
View Real Time Build Order
Export as new Build Order

Vriel Zerg 

Build Orders: Hatch First, Lurkers 

Get SALT Encoding   

  12  0:00  Drone  
  13  0:12  Overlord  
  13  0:16  Drone  
  14  0:31  Drone x2  
  16  0:49  Hatchery  
  15  0:52  Drone  
  15  0:56  Drone  
  17  0:59  Drone  
  18  1:10  Extractor  
  17  1:15  Spawning Pool  
  17  1:18  Drone  
  17  1:22  Drone  
  18  1:28  Drone  
  19  1:39  Drone  
  20  1:49  Drone  
  21  2:02  Queen x2  
  21  2:03  Zergling x4  
  27  2:12  Overlord  
  27  2:22  Hatchery  
  26  2:27  Drone  
  26  2:28  Drone  
  27  2:31  Metabolic Boost  
  27  2:47  Queen  
  27  2:49  Drone x3  
  32  2:51  Drone  
  32  2:54  Overlord  
  33  3:03  Queen  
  33  3:05  Drone  
  36  3:14  Drone x2  
  36  3:15  Drone  
  39  3:26  Drone x4  
  39  3:27  Drone  
  44  3:33  Queen  
  46  3:37  Overlord x2  
  46  3:44  Drone x2  
  48  3:50  Queen  
  48  3:55  Queen  
  52  4:06  Drone x4  
  52  4:08  Zergling x4  
  52  4:09  Baneling Nest  
  57  4:11  Zergling x2  
  57  4:14  Overlord x2  
  58  4:27  Overlord  
  58  4:28  Overlord  
  58  4:36  Drone  
  58  4:37  Drone x9  
  68  4:47  Drone x2  
  68  4:50  Lair  
  70  4:59  Drone x4  
  74  5:02  Spore Crawler  
  74  5:03  Extractor  
  74  5:04  Extractor  
  71  5:08  Zergling x4  
  71  5:09  Queen  
  75  5:18  Drone x4  
  75  5:19  Drone x5  
  84  5:21  Extractor  
  84  5:22  Extractor  
  84  5:27  Overlord x2  
  84  5:28  Overlord x2  
  82  5:38  Spore Crawler  
  82  5:41  Drone x2  
  82  5:42  Drone  
  84  5:48  Spore Crawler  
  84  5:49  Centrifugal Hooks  
  83  5:50  Hatchery  
  83  5:52  Zergling x10  
  83  5:53  Zergling x6  
  83  5:54  Baneling  
  83  5:55  Baneling x2  
  90  6:07  Drone x4  
  90  6:08  Drone  
  95  6:14  Evolution Chamber x2  
  93  6:28  Extractor  
  92  6:45  Zerg Melee Weapons Level 1  
  92  6:46  Zerg Ground Armor Level 1  
  92  6:50  Drone x5, Hydralisk Den  
  92  6:54  Hatchery  
  95  6:55  Queen x2  
  95  6:58  Drone  
  95  6:59  Drone x12  
  112  7:09  Queen  
  112  7:12  Drone x2  
  112  7:13  Spine Crawler  
  112  7:15  Spine Crawler  
  114  7:16  Spore Crawler  
  114  7:17  Extractor  
  114  7:22  Zergling x18  
  121  7:26  Baneling x3  
  121  7:27  Baneling x4  
  121  7:33  Extractor  
  120  7:45  Muscular Augments  
  120  7:46  Drone x4  
  120  7:47  Drone  
  124  7:52  Infestation Pit  
  124  7:55  Baneling x5  
  124  7:56  Baneling x2  
  124  7:57  Zergling x10  
  128  8:05  Spine Crawler x2  
  127  8:06  Overlord x5  
  126  8:13  Hatchery  
  105  8:25  Zergling x8  
  105  8:26  Zergling x22  
  101  8:34  Zergling x2  
  101  8:35  Zergling x12  
  101  8:40  Drone x5  
  110  8:44  Baneling  
  110  8:45  Baneling x18  
  110  8:55  Hive  
  109  8:57  Grooved Spines  
  109  8:58  Lurker Den  
  109  9:00  Zergling x18  
  116  9:03  Overseer x3  
  116  9:05  Pneumatized Carapace  
  116  9:14  Zergling x2  
  116  9:15  Zergling x8  
  121  9:19  Zerg Melee Weapons Level 2  
  121  9:20  Zerg Ground Armor Level 2  
  115  9:32  Baneling Nest  
  107  9:40  Hydralisk x9  
  107  9:41  Hydralisk  
  127  9:51  Queen  
  127  9:52  Spore Crawler  
  100  10:35  Lurker x10  
  110  10:37  Adaptive Talons  
  110  10:39  Zergling x22  
  110  10:40  Zergling x10  
  126  10:52  Zergling x16  
  99  10:57  Zergling x2  
  99  10:58  Zergling x6  
  77  11:08  Zergling x8  
  72  11:13  Adrenal Glands  
  64  11:22  Zergling x8  
  64  11:28  Zergling x6  
  64  11:34  Seismic Spines  
  63  11:44  Hydralisk  
  63  11:45  Hydralisk x5  
  73  11:53  Hydralisk x3  
  75  11:55  Queen x2  
  80  12:02  Hydralisk x4  
  80  12:03  Zergling x10  
  80  12:07  Zergling x4  
  86  12:14  Lurker x4  
  90  12:21  Zergling x2  
  90  12:22  Zergling x6  
Show
View Real Time Build Order
Export as new Build Order

KriXuS Terran - Winner!

Build Orders: Reaper Expand 

Get SALT Encoding   

  12  0:00  SCV  
  13  0:12  SCV  
  14  0:17  Supply Depot  
  14  0:24  SCV  
  15  0:38  SCV  
  15  0:40  Barracks  
  16  0:44  Refinery  
  16  0:51  SCV  
  17  1:03  SCV  
  18  1:15  SCV  
  19  1:27  Reaper, Orbital Command  
  20  1:39  Command Center  
  20  1:48  Supply Depot  
  20  1:53  SCV  
  21  1:59  Marine  
  22  2:04  Factory  
  22  2:09  SCV  
  23  2:21  SCV  
  23  2:22  Barracks Reactor  
  24  2:33  SCV  
  25  2:45  SCV  
  25  2:47  Command Center  
  26  2:53  Orbital Command  
  26  2:57  SCV  
  27  3:04  Hellion  
  29  3:06  Hellion  
  29  3:10  SCV  
  32  3:12  Barracks Tech Lab  
  32  3:20  SCV  
  32  3:22  SCV  
  34  3:28  Hellion x2  
  34  3:32  SCV  
  34  3:33  Marine  
  34  3:34  SCV  
  41  3:36  Stimpack  
  41  3:41  Refinery  
  41  3:47  SCV  
  42  3:50  SCV  
  43  3:59  SCV, Barracks  
  43  4:00  Barracks  
  43  4:02  SCV, Factory Reactor  
  46  4:03  Orbital Command  
  46  4:05  Marine  
  46  4:12  SCV, Engineering Bay  
  46  4:14  SCV, Engineering Bay  
  48  4:24  SCV  
  49  4:26  SCV  
  50  4:33  SCV  
  50  4:36  SCV  
  52  4:38  SCV  
  52  4:39  Supply Depot  
  52  4:41  Supply Depot  
  52  4:45  SCV  
  54  4:46  Barracks  
  54  4:48  SCV, Barracks  
  54  4:50  Factory Tech Lab, SCV  
  56  4:57  SCV  
  57  5:00  SCV, Marine  
  57  5:01  Marine  
  57  5:03  SCV  
  57  5:06  Terran Infantry Armor Level 1, Terran Infantry Weapons Level 1  
  61  5:07  Marine  
  61  5:09  SCV  
  61  5:12  SCV  
  64  5:14  Refinery, Starport  
  64  5:17  Refinery  
  64  5:18  Combat Shield, Marine  
  65  5:24  SCV  
  65  5:27  Marine  
  65  5:28  Marine  
  66  5:29  SCV  
  66  5:34  Orbital Command  
  66  5:35  Barracks Reactor x2  
  67  5:41  Marine  
  68  5:43  Marine x2  
  68  5:45  SCV, Marine  
  68  5:48  Supply Depot, SCV  
  68  5:49  Supply Depot, Marine  
  74  5:51  Supply Depot  
  74  5:59  Marine  
  74  6:00  Starport Reactor  
  74  6:01  SCV x2  
  77  6:09  SCV, Marine x2  
  77  6:10  Siege Tank  
  83  6:13  SCV, Marine x6  
  83  6:14  SCV  
  83  6:17  Marine  
  92  6:22  SCV  
  92  6:24  Supply Depot x2  
  92  6:25  Supply Depot, SCV  
  93  6:26  SCV  
  93  6:27  Marine x2  
  93  6:30  Marine  
  93  6:31  Marine x3  
  101  6:32  Supply Depot  
  101  6:36  Supply Depot  
  101  6:37  Supply Depot  
  101  6:45  SCV x2, Marine x5, Medivac x2  
  101  6:46  Siege Tank  
  115  6:48  Marine x2  
  115  6:49  SCV  
  115  6:50  Marine x2  
  115  6:51  Concussive Shells  
  120  6:57  SCV x2  
  120  7:01  SCV  
  123  7:03  Marine x3  
  123  7:05  Armory  
  123  7:06  Refinery  
  123  7:07  Refinery  
  126  7:09  SCV x2, Marine x2  
  126  7:10  Supply Depot, Marine x2  
  126  7:11  Supply Depot  
  126  7:13  SCV, Marine  
  134  7:20  Marine  
  134  7:21  Marine x2  
  137  7:24  Marine  
  137  7:29  Sensor Tower, Marine x4  
  142  7:31  Marine  
  142  7:34  Supply Depot  
  143  7:39  Marine  
  143  7:40  Siege Tank  
  147  7:45  Factory  
  147  7:49  Marine x5, Barracks x2  
  147  7:50  Marine  
  155  7:52  Terran Infantry Weapons Level 2, Barracks  
  155  7:53  Terran Infantry Armor Level 2  
  153  7:59  Marine  
  153  8:01  Medivac  
  153  8:03  Medivac  
  158  8:12  Siege Tank  
  132  8:22  Marine x9  
  136  8:35  Medivac x2  
  136  8:36  Factory Tech Lab  
  136  8:39  Barracks Tech Lab x3  
  136  8:40  Marine x6  
  146  8:46  Marine  
  146  8:47  Marine x2  
  149  8:52  Command Center  
  149  8:57  Marine  
  149  8:58  Marine x6, Marauder  
  149  8:59  Siege Tank, Marauder  
  163  9:04  Marine x3  
  163  9:07  Siege Tank  
  163  9:09  Terran Vehicle Weapons Level 1  
  169  9:15  Marine, Marauder  
  169  9:16  Marine  
  173  9:32  Marine  
  173  9:33  Marine  
  173  9:37  Marine x2  
  173  9:53  Supply Depot  
  173  9:55  Marine  
  173  9:56  Marine x3, Marauder  
  173  9:58  Marine, Marauder  
  173  10:02  Medivac  
  173  10:03  Medivac  
  173  10:04  Marauder x2  
  174  10:12  Marine x3, Siege Tank  
  174  10:13  Siege Tank  
  175  10:15  Planetary Fortress  
  175  10:16  Marine  
  175  10:17  Supply Depot  
  175  10:18  Marauder  
  175  10:20  Marauder  
  170  10:22  Marine x3  
  170  10:25  Marauder x2  
  173  10:31  Marine x2  
  173  10:32  Marine x2  
  173  10:35  Marine  
  175  10:38  Terran Infantry Weapons Level 3, Terran Infantry Armor Level 3  
  175  10:39  Marauder  
  175  10:40  Marine  
  161  11:00  Marine  
  161  11:01  Marine x11  
  141  11:18  Marine  
  141  11:19  Marine x7, Medivac, Marauder x4  
  141  11:20  Medivac  
  141  11:21  Siege Tank  
  164  11:36  Marine x4  
  164  11:37  Marine, Siege Tank  
  171  11:40  Marine  
  171  11:41  Marauder x2  
  171  11:42  Marine x2  
  171  11:43  Marine x2  
  178  11:49  Medivac x2  
  178  11:53  Siege Tank  
  176  11:54  Marine x4  
  176  11:55  Marine  
  176  11:57  Marine  
  176  12:00  Marine  
  181  12:09  Siege Tank  
  181  12:12  Marine x3, Marauder  
  181  12:14  Marine x3  
  181  12:15  Marauder x2  
  191  12:23  Marine  
  191  12:24  Marine x2  
  194  12:29  Marine  
  194  12:30  Marine, Marauder  
  194  12:32  Marine x2  
Tags
 
Add a new tag
Caveats
  • Supply blocks, unpowered buildings, or Contaminate may cause inaccurate times.
  • Supply counts are checked every 10 seconds.